 Dungeon Crawl Stone Soup version 0.21.1-1-g345015f (webtiles) character file.

242 letownia2 the Ruffian (level 5, -8/38 HPs)
             Began as a Demonspawn Gladiator on July 14, 2018.
             Mangled by an ogre
             ... wielding a +0 giant club
              (18 damage)
             ... on level 4 of the Dungeon.
             The game lasted 00:06:57 (1166 turns).

letownia2 the Ruffian (Demonspawn Gladiator)        Turns: 1166, Time: 00:06:57

Health: -8/38      AC:  6    Str: 15    XL:     5   Next: 82%
Magic:  0/8        EV: 11    Int: 10    God:
Gold:   59         SH:  0    Dex: 14    Spells: 8/8 levels left

rFire    + . .     SeeInvis .     - Unarmed
rCold    . . .     Gourm    .   (no shield)
rNeg     . . .     Faith    .   p - +0 ring mail
rPois    .         Spirit   +   b - +0 helmet
rElec    .         Reflect  .   (no cloak)
rCorr    .         Harm     .   (no gloves)
MR       .....                  (no boots)
Stlth    +.........             j - amulet of guardian spirit
HPRegen  0.12/turn              (no ring)
MPRegen  0.22/turn              (no ring)

@: no status effects
A: fire resistance 1, magic shield, magic regeneration
a: no special abilities


You were on level 4 of the Dungeon.
You were not hungry.

You visited 1 branch of the dungeon, and saw 5 of its levels.

You collected 59 gold pieces.

Inventory:

Missiles
 f - 21 bolts
 k - 22 sling bullets
 l - a tomahawk (quivered)
Armour
 a - a +0 leather armour
 b - a +0 helmet (worn)
 p - a +0 ring mail (worn)
Jewellery
 j - an amulet of guardian spirit (around neck)
Wands
 q - a wand of clouds (6)
Scrolls
 e - a scroll of fear {unknown}
 g - 3 scrolls of enchant armour {unknown}
 h - 2 scrolls of immolation {unknown}
Potions
 i - a potion of experience {unknown}
 m - a potion of agility {unknown}
 n - 2 potions of heal wounds {unknown}
 o - a potion of cancellation {unknown}
 s - a potion of resistance {unknown}
Comestibles
 d - 2 rations
 r - 3 chunks of flesh


   Skills:
 - Level 2.0 Fighting
 - Level 1.7 Throwing
 - Level 1.0 Armour
 - Level 2.6 Dodging
 + Level 5.2 Unarmed Combat
 - Level 2.3 Spellcasting


You had 8 spell levels left.
You didn't know any spells.

Dungeon Overview and Level Annotations

Branches:
Dungeon (5/15)
 Temple: D:4-7

Altars:
Okawaru

Annotations:
D:5 Eustachio


Innate Abilities, Weirdness & Mutations

Your flesh is heat resistant. (rF+)
When hurt, damage is shared between your health and your magic reserves.
You regenerate magic rapidly.


Message History

You catch the helpless ogre completely off-guard!
You hit the ogre. You punch the ogre.
The ogre is heavily wounded.
The gnoll misses you.
The ogre struggles against the net.
You hit the ogre.
The ogre is heavily wounded.
The ogre struggles against the net.
The net rips apart, and the ogre comes free!
The gnoll hits you from afar with a halberd.
You hit the ogre.
The ogre is severely wounded.
The ogre hits you with a giant club!
* * * LOW HITPOINT WARNING * * *
Throwing (i - inventory):
l - 2 tomahawks (quivered)
Press: ? - help, Shift-Dir - straight line, f/p - ogre
Aim: an ogre, wielding a giant club (severely wounded)
You throw a tomahawk.
The tomahawk completely misses the ogre.
The ogre hits you with a giant club!!
You die...

#..........#....#....
#..........#<...#....
#..........'....#....
##....##...###..###..#
#.....##...###..####'#
####..##....#......g..
#...g)....'.......<.
#..O#########.##.###
#..@##....###.######
#.............. .#.
#.................#.
##..##..##.###...###
#####..##.###...###
#...#...........
#...'...........
##..##.###...###
##..##.###...###


You could see an ogre and a gnoll.

Vanquished Creatures
  An ogre (D:4)
  A hound (D:4)
  An iguana (D:4)
  A worker ant (D:5)
  3 adders
  2 gnolls (D:4)
  An adder skeleton (D:4)
  2 leopard geckos (D:4)
  An orc (D:4)
  3 goblins (D:1)
  7 jackals
  3 bats
  3 kobolds
  A quokka skeleton (D:4)
  3 rats
33 creatures vanquished.

Notes
Turn   | Place    | Note
-------+----------+-------------------------------------------
     0 | D:1      | letownia2 the Demonspawn Gladiator began the quest for the Orb.
     0 | D:1      | Reached XP level 1. HP: 16/16 MP: 1/1
    19 | D:1      | You fall through a shaft!
    56 | D:2      | Reached skill level 3 in Unarmed Combat
    56 | D:2      | Gained mutation: Your flesh is heat resistant. (rF+) [demonic ancestry]
    56 | D:2      | Reached XP level 2. HP: 5/22 MP: 2/2
   306 | D:2      | Reached XP level 3. HP: 9/27 MP: 3/3
   430 | D:4      | Reached skill level 4 in Unarmed Combat
   592 | D:4      | Gained mutation: When hurt, damage is shared between your health and your magic reserves. [demonic ancestry]
   592 | D:4      | Reached XP level 4. HP: 7/33 MP: 2/4
   597 | D:4      | Found an iron altar of Okawaru.
   625 | D:4      | Noticed an ogre
   800 | D:5      | Entered Level 5 of the Dungeon
   800 | D:5      | Noticed Eustachio
   863 | D:5      | Reached skill level 1 in Armour
   863 | D:5      | Reached skill level 5 in Unarmed Combat
   863 | D:5      | Gained mutation: You regenerate magic rapidly. [demonic ancestry]
   863 | D:5      | Reached XP level 5. HP: 24/38 MP: 3/5
  1017 | D:4      | Noticed an ogre
  1027 | D:4      | Killed an ogre
  1166 | D:4      | Mangled by an ogre

Skill      XL: |  1  2  3  4  5 |
---------------+----------------+-----
Unarmed Combat | 3 4 5 |  5.2
Armour         | 1 |  1.0
Spellcasting   | 2 |  2.3
Fighting       | |  2.0
Throwing       | |  1.7
Dodging        | |  2.6

Action                   |  1- 3 |  4- 6 || total
-------------------------+-------+-------++-------
Melee: Unarmed           |    98 |    66 ||   164
       Punch             |       |     3 ||     3
Throw: Throwing net      |     2 |     1 ||     3
       Tomahawk          |       |     2 ||     2
 Stab: Held in net/web   |     2 |     1 ||     3
  Eat: Chunk             |       |     1 ||     1
Armor: Leather armour    |    31 |     2 ||    33
       Ring mail         |       |    11 ||    11
Dodge: Dodged            |    60 |    26 ||    86
